AoeStats
← Secutor

African Clearing

506681767Analyzed
3v3 RM · 17d ago on Sep 14, 2026· 52m 22s· 6 players
Game mode
Random Map
Map size
Normal (6 player)
Population
200
Speed
Normal
Resources
Standard
Victory
Conquest
Starting age
Dark Age
Ending age
Imperial Age
RankedLock teamsTeams togetherTeam positionsShared explorationLock speedFull tech treeHidden civsTurbo modeCheats
Victory
Defeat
🇳🇮 Mapuche · Nicaragua
1003
+12
🇦🇷 Bohemians · Argentina
987
+13
🇳🇱 Byzantines · Netherlands
982
+13
🇪🇸 Vietnamese · Spain
932
-13
🇪🇸 Aztecs · Spain
922
-13
🇪🇸 Portuguese · Spain
900
-12
johankasper
8:39 Loom
14:13 Feudal Age
15:44 Double-Bit Axe
17:21 Horse Collar
20:39 Gold Mining
24:08 Castle Age
23:34 Fletching
23:47 Padded Archer Armor
23:47 Scale Mail Armor
23:58 Forging
24:26 Wheelbarrow
24:16 Crossbowman
25:03 Thumb Ring
25:01 Squires
29:42 Pikeman
30:57 Bow Saw
30:44 Bodkin Arrow
31:05 Husbandry
33:27 Loom
34:12 Ballistics
33:27 Elite Skirmisher
34:20 Stone Mining
34:43 Scale Barding Armor
35:48 Hand Cart
36:10 Gold Shaft Mining
35:15 Light Cavalry
36:28 Treadmill Crane
46:13 Imperial Age
49:08 Hussar
50:18 Chain Barding Armor
mperez
8:13 Loom
13:15 Feudal Age
17:40 Castle Age
15:51 Fletching
16:02 Padded Archer Armor
16:31 Double-Bit Axe
16:39 Gold Mining
16:40 Stone Mining
16:31 Horse Collar
22:11 Wheelbarrow
21:22 Town Watch
22:39 Bow Saw
25:07 Stone Shaft Mining
31:57 Hand Cart
36:34 Imperial Age
34:27 Bodkin Arrow
34:48 Leather Archer Armor
35:59 Scale Mail Armor
36:10 Forging
36:45 Gold Shaft Mining
36:12 Heavy Plow
36:43 Malon
37:25 Chain Mail Armor
38:03 Ring Archer Armor
38:18 Conscription
38:53 Elite Bolas Rider
40:10 Iron Casting
42:10 Siege Engineers
42:28 Ballistics
43:15 Elite Skirmisher
43:57 Elite Kona
44:43 Butalmapu
46:42 Chemistry
45:38 Murder Holes
45:54 Masonry
48:03 Blast Furnace
Barry Berkman
6:27 Loom
16:54 Feudal Age
20:39 Castle Age
19:31 Double-Bit Axe
24:04 Wheelbarrow
23:48 Bow Saw
25:43 Padded Archer Armor
27:52 Chemistry
30:11 Leather Archer Armor
32:03 Hand Cart
44:59 Imperial Age
44:01 Horse Collar
45:01 Houfnice
46:15 Wagenburg Tactics
48:55 Conscription
49:08 Ring Archer Armor
49:22 Siege Engineers
50:46 Town Watch
50:54 Elite Hussite Wagon
52:25 Scale Mail Armor
Dani-El
10:47 Loom
18:01 Feudal Age
22:01 Castle Age
20:17 Double-Bit Axe
20:14 Horse Collar
23:42 Forging
23:33 Scale Mail Armor
24:19 Wheelbarrow
24:52 Iron Casting
25:01 Bow Saw
25:37 Heavy Plow
26:26 Fervor
26:27 Redemption
26:38 Sanctity
27:30 Chain Mail Armor
27:21 Elite Skirmisher
27:54 Fletching
31:57 Padded Archer Armor
31:55 Fishing Lines
34:42 Hand Cart
33:52 Eagle Warrior
35:00 Gillnets
35:53 Bodkin Arrow
37:40 Atlatl
37:56 Stone Mining
37:58 Gold Mining
38:15 Town Watch
39:39 Leather Archer Armor
40:51 Arson
44:22 Imperial Age
43:34 Town Patrol
44:08 Squires
43:54 Gambesons
46:06 Blast Furnace
45:33 Conscription
46:07 Gold Shaft Mining
46:08 Stone Shaft Mining
45:04 Imperial Skirmisher
46:28 Illumination
47:21 Siege Engineers
48:17 Chemistry
48:04 Bracer
48:35 Plate Mail Armor
48:12 Onager
Kingyobachi
7:42 Loom
18:48 Feudal Age
20:09 Gold Mining
20:09 Double-Bit Axe
20:20 Horse Collar
21:50 Wheelbarrow
23:16 Castle Age
21:27 Stone Mining
22:18 Padded Archer Armor
22:11 Fishing Lines
22:28 Fletching
24:34 Bow Saw
24:25 Heavy Plow
24:18 Gillnets
24:17 Town Watch
24:54 Leather Archer Armor
27:50 Crossbowman
30:09 Ballistics
30:54 Bodkin Arrow
31:08 Elite Skirmisher
32:29 Hand Cart
34:27 Thumb Ring
40:30 Imperial Age
38:58 Town Patrol
41:24 Bracer
41:55 Ring Archer Armor
41:25 Scale Mail Armor
41:36 Forging
41:31 Murder Holes
41:17 Treadmill Crane
43:02 Squires
42:23 Pikeman
42:27 Imperial Skirmisher
44:00 Chain Mail Armor
43:09 Halberdier
47:02 Chemistry
48:02 Paper Money
48:17 Hoardings
Secutor
3:44 Loom
17:36 Feudal Age
25:09 Castle Age
23:38 Town Watch
23:48 Double-Bit Axe
23:52 Horse Collar
28:02 Fletching
28:13 Padded Archer Armor
30:07 Gold Mining
31:09 Elite Skirmisher
32:03 Stone Mining
32:58 Pikeman
46:44 Imperial Age
44:50 Wheelbarrow
45:08 Forging
44:59 Scale Mail Armor
47:41 Heavy Plow
47:53 Bow Saw
Connection lost

Rejoining the realm…

Still unreachable

The connection could not be restored.

Session expired

The server has moved on; the page needs a fresh start.